 Dungeon Crawl Stone Soup version 0.23.2-1-ga50397a (webtiles) character file.

Game seed: 16777921789890619750

77 KleinerIrrer the Gusty (level 4, -1/24 HPs)
             Began as a Tengu Air Elementalist on Apr 30, 2019.
             Slain by a sky beast (6 damage)
             ... on level 2 of the Dungeon.
             The game lasted 00:06:21 (2445 turns).

KleinerIrrer the Gusty (Tengu Air Elementalist)     Turns: 2445, Time: 00:06:22

Health: -1/24      AC:  2    Str:  8    XL:     4   Next: 34%
Magic:  1/9        EV: 13    Int: 16    God:
Gold:   79         SH:  2    Dex: 15    Spells: 2/9 levels left

rFire    . . .     SeeInvis .   e - +0 spear
rCold    . . .     Gourm    .   (no shield)
rNeg     . . .     Faith    .   a - +0 robe
rPois    .         Spirit   .   (helmet restricted)
rElec    .         Reflect  +   (no cloak)
rCorr    .         Harm     .   (no gloves)
MR       .....                  (boots unavailable)
Stlth    ++........             d - +2 amulet of reflection
HPRegen  0.08/turn              (no ring)
MPRegen  0.11/turn              (no ring)

@: very slightly contaminated
A: beak, talons 3
a: no special abilities


You were on level 2 of the Dungeon.
You were very hungry.

You visited 1 branch of the dungeon, and saw 3 of its levels.

You collected 79 gold pieces.

Inventory:

Hand Weapons
 e - a +0 spear (weapon)
Armour
 a - a +0 robe (worn)
Jewellery
 d - a +2 amulet of reflection (around neck)
Scrolls
 g - 2 scrolls of amnesia {unknown}
 j - a scroll of fear {unknown}
 k - a scroll of remove curse {unknown}
Potions
 b - a potion of curing {unknown}
Comestibles
 c - 6 rations
 i - a chunk of flesh


   Skills:
 - Level 2.1 Dodging
 - Level 2.0 Stealth
 + Level 3.0 Spellcasting
 - Level 1.3 Conjurations
 + Level 5.8 Air Magic


You had 2 spell levels left.
You knew the following spells:

 Your Spells              Type           Power        Failure   Level  Hunger
a - Shock                 Conj/Air       ##..         4%          1    #......
b - Swiftness             Chrm/Air       ##......     9%          2    ##.....
c - Airstrike             Air            ###.......   17%         4    #####..

Your spell library contained the following spells:

 Spells                   Type           Power        Failure   Level  Hunger
 Static Discharge         Conj/Air       ##......     13%         3    ###....
 Lightning Bolt           Conj/Air       ##........   75%         5    ######.


Dungeon Overview and Level Annotations

Branches:
Dungeon (3/15)

Altars:
Nemelex Xobeh


Innate Abilities, Weirdness & Mutations

You have a beak for a mouth.
You have claws for feet.


Message History

Deactivating autopickup; reactivate with Ctrl-A.
A sky beast appears from thin air!
Reactivating autopickup.
The sky beast flickers out of sight!
Deactivating autopickup; reactivate with Ctrl-A.
A sky beast appears from thin air!
Reactivating autopickup.
Casting: Airstrike (slightly dangerous; 17% risk of failure)
Confirm with . or Enter, or press ? or * to list all spells.
Aiming: Airstrike (slightly dangerous; 17% risk of failure)
Press: ? - help, Dir - move target cursor, f/p - sky beast
Aim: a sky beast (heavily wounded)
You miscast Airstrike.
You are very lightly contaminated with residual magic.
Ouch! You feel a sudden electric shock.
You are feeling very hungry.
The sky beast hits you.
* * * LOW HITPOINT WARNING * * *
The sky beast shocks you.
You die...

#.# ##...## #.# ###.#.
#.# ##.....## #.###
#.#. #.# #.......#
#...###... #.#
#.......# ###.......
#.# #.......#
###########. #.#
##.....## #...# #^ #.#
#.......# #...# #. #.#
#....Y..# #...## #[
#.# #....@..###....#
#. #.#
##.....##......######.
###.####
##...###.#........##.
#......#
##.##...#...####.###
#......# #.##.#######
#.... #......# #.##.#
##### #......# #.##.#
#### #......# #.##.#
#... #......# #..#.#
#.##


You could see a sky beast.

Vanquished Creatures
  2 adders (D:2)
  A gnoll (D:1)
  2 worms (D:2)
  2 dart slugs
  A leopard gecko (D:1)
  4 giant cockroaches
  6 goblins
  5 hobgoblins
  3 jackals (D:1)
  4 kobolds
  A ball python (D:2)
  A bat (D:2)
  4 frilled lizards
  2 rats
38 creatures vanquished.

Notes
Turn   | Place    | Note
-------+----------+-------------------------------------------
     0 | D:1      | KleinerIrrer the Tengu Air Elementalist began the quest for
                  | the Orb.
     0 | D:1      | Reached XP level 1. HP: 10/10 MP: 4/4
   391 | D:1      | Reached XP level 2. HP: 15/15 MP: 0/6
   847 | D:1      | Reached skill level 5 in Air Magic
   882 | D:1      | Found a sparkling altar of Nemelex Xobeh.
   932 | D:1      | Reached XP level 3. HP: 4/19 MP: 0/7
  1270 | D:2      | Found a faded altar of an unknown god.
  1650 | D:2      | Reached XP level 4. HP: 12/24 MP: 3/9
  2295 | D:3      | Noticed a sky beast
  2316 | D:2      | Learned a level 2 spell: Swiftness
  2321 | D:2      | Learned a level 4 spell: Airstrike
  2445 | D:2      | Slain by a sky beast

Skill      XL: |  1  2  3  4 |
---------------+-------------+-----
Air Magic      | 5 |  5.8
Spellcasting   | 3 |  3.0
Dodging        | |  2.1
Stealth        | |  2.0
Conjurations   | |  1.3

Action                   |  1- 3 |  4- 6 || total
-------------------------+-------+-------++-------
Melee: Spear             |    16 |     1 ||    17
       Kick              |     4 |       ||     4
       Peck              |     1 |       ||     1
 Cast: Shock             |    51 |    33 ||    84
       Airstrike         |       |     2 ||     2
  Use: Scroll            |       |     2 ||     2
 Stab: Sleeping          |     1 |       ||     1
  Eat: Chunk             |     2 |     3 ||     5
Armor: Robe              |     4 |     3 ||     7
Dodge: Dodged            |    31 |     8 ||    39
